 Dungeon Crawl Stone Soup version 0.31.0-11-ge490571c62 (webtiles) character file.

Game seed: 3333523153671779664

1974 Janerl the Basher (level 9, -1/118 HPs)
             Began as a Minotaur Berserker on Feb 3, 2024.
             Was a Priest of Trog.
             Slain by an acid dragon (14 damage)
             ... on level 7 of the Dungeon.
             The game lasted 00:17:37 (5052 turns).

Janerl the Basher (Minotaur Berserker)              Turns: 5052, Time: 00:17:37

Health: -1/118     AC: -1    Str: 25    XL:     9   Next: 0%
Magic:  8/8        EV: 18    Int:  6    God:    Trog [***...]
Gold:   294        SH:  0    Dex:  9    Spells: 8/8 levels left

rFire   . . .        F - +2 trident (flame)
rCold   . . .        (no shield)
rNeg    + . .        y - +2 robe {rN+}
rPois   .            C - +1 hat
rElec   .            (no cloak)
rCorr   .            o - +0 pair of gloves
SInv    .            (no boots)
Will    .....        (no amulet) Stlth
                     b - +5 ring of evasion
HPRegen 0.39/turn    (no ring)
MPRegen 0.11/turn

%: no passive effects
@: berserking, corroded, very quick
A: horns 2, retaliatory headbutt
a: Renounce Religion, Berserk, Trog's Hand


You were on level 7 of the Dungeon.
You worshipped Trog.
Trog was most pleased with you.
You visited 1 branch of the dungeon, and saw 7 of its levels.

You collected 294 gold pieces.

Inventory:

Hand Weapons
 a - a +0 mace
 u - a +4 short sword
 B - a +0 war axe
 F - a +2 trident of flaming (weapon)
 I - a +2 hand axe
 K - a +4 falchion of freezing
Missiles
 t - 8 boomerangs (quivered)
 L - 2 throwing nets
Armour
 l - a +0 ring mail
 o - a +0 pair of gloves (worn)
 y - a +2 robe of positive energy (worn)
 C - a +1 hat (worn)
 H - a +0 cloak
Jewellery
 b - a +5 ring of evasion (left hand)
 r - a +6 ring of intelligence
 v - a ring of protection from fire
 D - a +6 ring of intelligence
Wands
 m - a wand of flame (20)
Scrolls
 d - 6 scrolls of teleportation {unknown}
 e - 2 scrolls of amnesia {unknown}
 f - 7 scrolls of identify {unknown}
 j - 2 scrolls of brand weapon {unknown}
 k - 2 scrolls of enchant armour {unknown}
 p - 2 scrolls of fear {unknown}
 s - a scroll of noise {unknown}
 x - 2 scrolls of enchant weapon {unknown}
 A - a scroll of vulnerability {unknown}
 E - a scroll of butterflies {unknown}
 J - a scroll of blinking {unknown}
Potions
 c - 2 potions of invisibility {unknown}
 g - 3 potions of ambrosia {unknown}
 h - 3 potions of brilliance {unknown}
 i - 3 potions of curing {unknown}
 n - 2 potions of heal wounds {unknown}
 q - a potion of haste {unknown}
 w - a potion of mutation {unknown}
 z - a potion of cancellation {unknown}
 G - a potion of resistance {unknown}


   Skills:
 + Level 7.3 Fighting
 + Level 2.8(6.6) Axes
 + Level 8.0(8.3) Maces & Flails
 + Level 4.5(4.9) Polearms
 + Level 1.7 Throwing
 + Level 4.8 Armour
 + Level 6.0 Dodging
 + Level 2.0 Stealth


You had 8 spell levels left.
You didn't know any spells.
Your spell library was empty.

Dungeon Overview and Level Annotations

Branches:
Dungeon (7/15)             Temple (0/1) D:6

Altars:
Kikubaaqudgha
Okawaru
Trog
Uskayaw

Shops:
D:5 (


Innate Abilities, Weirdness & Mutations

You have a pair of horns on your head.
You reflexively headbutt those who attack you in melee.


Message History

HP restored.
Items here: ))) [[ ††.
Okay, then.
Items here: ) [[ †.
Things that are here:
a +0 dagger; a +0 chain mail; an orc corpse
Items here: ) [[ †.
Things that are here:
a +0 dagger; a +0 robe; an orc corpse
Items here: ) [[ †.
Okay, then.
Things that are here:
a +0 dagger; a +0 robe; an orc corpse
Found a stone staircase leading down.
There is a stone staircase leading down here.
L - 2 throwing nets An acid dragon comes into view.
The acid dragon roars!
The acid dragon spits acid at you. The splash of acid misses you.
You closely miss the acid dragon.
You headbutt the acid dragon, but do no damage.
The acid dragon bites you!
The acid dragon claws you but does no damage.
You hit the acid dragon but do no damage.
The acid dragon spits acid at you. The splash of acid hits you!!
The acid corrodes you!
You hit the acid dragon but do no damage.
The acid dragon bites you! The acid dragon claws you.
You closely miss the acid dragon. Your headbutt misses the acid dragon.
The acid dragon spits acid at you. The splash of acid hits you!!
* * * LOW HITPOINT WARNING * * *
The acid corrodes you!
Okay, then.
A red film seems to cover your vision as you go berserk!
You feel yourself moving faster!
You feel mighty!
You can no longer call in reinforcements.
The acid dragon bites you!
You die...

># #.# .# #.# ## .#
#.# #. .# #.# #. #
.#######.# #. .?.
.........# #. #.#
.##############.##
#..# .# #....D.# .?.
.# #.# #@##.# .##
#.###....# ##. #
#..#....# #.#
.#.#.#.##### #.#
#.##...#... #.#
#.##.#.....+
#.########.##.#.#...#
#..........#....#####
#..####..............


You could see an acid dragon (catching breath).

Vanquished Creatures
  Sigmund (D:2)
  A wraith (D:5)
  An orc warrior (D:6)
  Duvessa (D:4)
  An ice beast (D:6)
  A black bear (D:5)
  2 ogres
  2 phantoms
  A scorpion (D:6)
  3 wights (D:7)
  Dowan (D:4)
  A bombardier beetle (D:4)
  4 orc priests
  A jelly (D:7)
  A gnoll bouda (D:6)
  A sleepcap (D:6)
  6 orc wizards
  8 adders
  10 gnolls
  2 ufetubi (D:6)
  2 dart slugs
  A ribbon worm (D:2)
  33 orcs
  9 ball pythons
  5 bats
  5 endoplasms
  6 giant cockroaches
  4 goblins
  4 hobgoblins
  2 jackals (D:3)
  3 quokkas
  6 frilled lizards
  2 kobolds
  4 rats
135 creatures vanquished.

Vanquished Creatures (others)
  An orc wizard (D:7)
1 creature vanquished.

Grand Total: 136 creatures vanquished

Notes
Turn   | Place    | Note
-------+----------+-------------------------------------------
     0 | D:1      | Janerl the Minotaur Berserker began the quest for the Orb.
     0 | D:1      | Reached XP level 1. HP: 19/19 MP: 0/0
   174 | D:1      | Reached XP level 2. HP: 10/27 MP: 1/1
   372 | D:1      | Reached skill level 4 in Maces & Flails
   876 | D:2      | Reached ** piety under Trog
   877 | D:2      | Reached XP level 3. HP: 33/33 MP: 2/2
  1162 | D:2      | Noticed Sigmund
  1170 | D:2      | Killed Sigmund
  1171 | D:2      | Reached skill level 5 in Fighting
  1171 | D:2      | Reached skill level 5 in Maces & Flails
  1171 | D:2      | Reached XP level 4. HP: 38/42 MP: 3/3
  1171 | D:2      | Reached XP level 5. HP: 44/48 MP: 4/4
  1290 | D:2      | Reached skill level 1 in Stealth
  1567 | D:3      | Reached XP level 6. HP: 56/56 MP: 5/5
  1572 | D:3      | Reached skill level 6 in Maces & Flails
  2146 | D:4      | Noticed Dowan
  2166 | D:4      | Found a hide-covered altar of Uskayaw.
  2166 | D:4      | Noticed Duvessa
  2182 | D:4      | Killed Duvessa
  2684 | D:4      | Reached XP level 7. HP: 61/62 MP: 6/6
  2754 | D:4      | Killed Dowan
  2755 | D:4      | Reached skill level 7 in Maces & Flails
  3121 | D:5      | Entered Level 5 of the Dungeon
  3127 | D:5      | Found Hyasof's Weapon Boutique.
  3284 | D:5      | Reached skill level 1 in Throwing
  3286 | D:5      | Reached *** piety under Trog
  3367 | D:5      | Noticed a wraith
  3372 | D:5      | Killed a wraith
  3377 | D:5      | Reached XP level 8. HP: 59/70 MP: 7/7
  3564 | D:5      | Found an iron altar of Okawaru.
  3603 | D:5      | Found a bloodstained altar of Trog.
  3824 | D:6      | Found a staircase to the Ecumenical Temple.
  3854 | D:6      | Identified the +5 hand axe of Bodily Humours {spect, rC-
                  | Str+6 Int+6}
  3873 | D:6      | Reached skill level 1 in Axes
  3873 | D:6      | Reached skill level 8 in Maces & Flails
  3881 | D:6      | Reached skill level 5 in Dodging
  4188 | D:6      | Reached skill level 1 in Polearms
  4446 | D:6      | Found an ancient bone altar of Kikubaaqudgha.
  4835 | D:7      | Reached **** piety under Trog
  4836 | D:7      | Reached XP level 9. HP: 28/79 MP: 8/8
  5052 | D:7      | Slain by an acid dragon

Illustrated notes

Levels and vault maps discovered:
D:1:      dpeg_arrival_tiny_i, layout_loops_cross, minmay_tromino_mix6
D:2:      layout_loops_ring, uniq_sigmund
D:3:      layout_rooms
D:4:      layout_cave_pods, mainiacjoe_overflow_catwalk, uniq_duvessa
D:5:      layout_rooms, mainiacjoe_overflow_surrounded_room,
          lemuel_crystal_altar, serial_shops, shop, dreamdust_princess_corridor,
          minmay_misc_feat_alley
D:6:      layout_rooms, old_standard_altar, minmay_temple_entry_statues
D:7:      layout_loops_ring, nicolae_wu_jian_glorious_leap,
          evilmike_ruin_ashenzari

Skill      XL: |  1  2  3  4  5  6  7  8 |
---------------+-------------------------+-----
Maces & Flails | 4 5 6 7 8 |  8.0
Fighting       | 4 5 6 7 |  7.3
Armour         | 3 4 |  4.8
Dodging        | 3 4 6 |  6.0
Stealth        | 1 2 |  2.0
Throwing       | 1 |  1.7
Axes           | 2 |  2.8
Polearms       | 4 |  4.5

Action                     |  1- 3 |  4- 6 |  7- 9 || total
---------------------------+-------+-------+-------++-------
  Melee: Mace              |    62 |    82 |    39 ||   183
         Headbutt          |     7 |    15 |    22 ||    44
         Trident           |       |       |    77 ||    77
         War axe           |       |       |    21 ||    21
         Punch             |       |       |     1 ||     1
  Throw: Boomerang         |       |     8 |     2 ||    10
 Invoke: Berserk           |     1 |     1 |     4 ||     6
   Stab: Sleeping          |     1 |       |       ||     1
 Armour: Animal skin       |    30 |       |       ||    30
         Ring mail         |     7 |    31 |    10 ||    48
         Robe              |       |       |    94 ||    94
  Dodge: Dodged            |    59 |    81 |   177 ||   317
